 Dungeon Crawl Stone Soup version 0.30-a0-462-gd5975efbca (webtiles) character file.

Game seed: 13812545836227456918

329 Juicyj the Covered (level 6, -7/53 HPs)
             Began as a Minotaur Fighter on Dec 16, 2022.
             Killed by an exploding howler monkey (33 damage)
             ... ignited by their inner flame
             ... on level 5 of the Dungeon.
             The game lasted 00:05:39 (2220 turns).

Juicyj the Covered (Minotaur Fighter)               Turns: 2220, Time: 00:05:40

Health: -7/53      AC:  7    Str: 19 (20) XL:     6   Next: 25%
Magic:  5/5        EV:  9    Int:  5      God:
Gold:   145        SH:  4    Dex:  9 (12) Spells: 5/5 levels left

rFire   x . .      SeeInvis .    a - +1 trident
rCold   . . .      Faith    +    c - +0 buckler
rNeg    . . .      Spirit   .    b - +0 scale mail
rPois   .          Reflect  .    (helmet restricted)
rElec   .          Harm     .    (no cloak)
rCorr   .          Rampage  .    (no gloves)
Will    .....                    (no boots)
Stlth   ..........               j - amulet of faith
HPRegen 0.28/turn                (no ring)
MPRegen 0.09/turn                (no ring)

@: no status effects
A: horns 2, retaliatory headbutt, heat vulnerability 1
a: no special abilities


You were on level 5 of the Dungeon.
You visited 1 branch of the dungeon, and saw 5 of its levels.

You collected 145 gold pieces.

Inventory:

Hand Weapons
 a - a +1 trident (weapon)
Armour
 b - a +0 scale mail (worn)
 c - a +0 buckler (worn)
Jewellery
 e - a ring of magical power
 j - an amulet of faith (around neck)
Wands
 p - a wand of paralysis (13)
Scrolls
 f - a scroll of blinking
 g - a scroll of teleportation
 h - a scroll of amnesia
 k - a scroll of magic mapping
 o - a scroll of fear
Potions
 d - a potion of might
 i - 3 potions of curing
 l - a potion of degeneration
 m - a potion of magic


   Skills:
 + Level 4.6 Fighting
 + Level 4.7 Polearms
 + Level 5.1 Armour
 + Level 2.3 Dodging
 + Level 0.2 Stealth
 + Level 4.8 Shields


You had 5 spell levels left.
You didn't know any spells.
Your spell library was empty.

Dungeon Overview and Level Annotations

Branches:
Dungeon (5/15)
 Temple: D:4-7

Altars:
Elyvilon


Innate Abilities, Weirdness & Mutations

You have a pair of horns on your head.
You reflexively headbutt those who attack you in melee.
You are vulnerable to heat. (rF-)


Message History

You are too injured to fight recklessly!
You are too injured to fight recklessly!
You are too injured to fight recklessly!
You are too injured to fight recklessly!
You are too injured to fight recklessly!
You are too injured to fight recklessly!
You are too injured to fight recklessly!
You are too injured to fight recklessly!
Read: 2 scrolls of fear
Press: ? - help, Q - select action, (/) - cycle Dir - look around, f - activate Look: an orc, wielding a +0 club and wearing a +0 chain mail (chance to affect: 99%)
As you read the scroll of fear, it crumbles to dust.
You assume a fearsome visage.
The orc priest looks frightened!
The orc looks frightened!
The orc wizard looks frightened!
The howler monkey looks frightened!
The orc wizard casts a spell.
The orc wizard flickers and vanishes!
Deactivating autopickup; reactivate with Ctrl-A.
Read: scroll of immolation
Press: ? - help, Q - select action, (/) - cycle Dir - look around, f - activate Look: an orc, wielding a +0 club and wearing a +0 chain mail (fleeing, susceptible)
As you read the scroll of immolation, it crumbles to dust.
The creatures around you are filled with an inner flame!
Aiming: Paralyse
Press: ? - help, Q - select action Shift-Dir - straight line, f - howler monkey, p - orc
Aim: a howler monkey (inner flame, fleeing, chance to affect: 57%)
Your attack snaps the howler monkey out of its fear.
The howler monkey suddenly stops moving!
A scorpion comes into view.
Found a scroll of immolation.
The helpless howler monkey fails to defend itself.
You puncture the howler monkey!
Flame seeps out of the howler monkey.
The howler monkey is heavily wounded.
You block the scorpion's attack.
The howler monkey is engulfed in blazing flames.
The howler monkey explodes!
The fiery explosion engulfs you!! The fire burns you terribly!
Ouch! That really hurt!
You die...

......# ...........##≈≈.≈≈##...
..######...........#≈≈...≈≈#...
.## .........###≈⌠._.⌠≈# .. .#
......#/## #≈≈...≈≈# .###..#
........#####≈≈⌠≈≈## .....#
###.......####≈≈≈## ...###
....>#.......##### ...#
####.#.....$.# ...# # #.§@s...#
.### #.§○§...# ## #...§§§...#
#### #..........o. ...#
...........### ...#
##..#......... ....
....######?.... .... ### .....
...#


You could see a scorpion and an orc priest (inner flame, fleeing).

Vanquished Creatures
  A water moccasin (D:5)
  A bullfrog (D:5)
  A scorpion (D:5)
  A howler monkey (D:5)
  2 adders
  A worm (D:2)
  A dart slug (D:2)
  9 orcs
  3 bats
  4 endoplasms
  2 goblins
  4 hobgoblins
  18 jackals
  9 kobolds
  4 quokkas
  6 ball pythons
  2 frilled lizards (D:1)
  2 rats (D:2)
71 creatures vanquished.

Vanquished Creatures (others)
  10 plants (D:5)
10 creatures vanquished.

Grand Total: 81 creatures vanquished

Notes
Turn   | Place    | Note
-------+----------+-------------------------------------------
     0 | D:1      | Juicyj the Minotaur Fighter began the quest for the Orb.
     0 | D:1      | Reached XP level 1. HP: 19/19 MP: 0/0
   153 | D:1      | Reached XP level 2. HP: 27/27 MP: 1/1
   452 | D:1      | Reached skill level 4 in Armour
   507 | D:1      | Gained mutation: You have hidden genetic defects. [potion
                  | of mutation]
   507 | D:1      | Gained mutation: Your spells are a little harder to cast,
                  | but a little more powerful. [potion of mutation]
   624 | D:2      | Gained mutation: You are vulnerable to heat. (rF-) [hidden
                  | defects]
   630 | D:2      | Reached XP level 3. HP: 31/33 MP: 2/2
   639 | D:2      | Lost mutation: Your spells are a little harder to cast, but
                  | a little more powerful. [hidden defects]
   639 | D:2      | Lost mutation: You have hidden genetic defects. [hidden
                  | defects expressed]
  1246 | D:3      | Reached XP level 4. HP: 38/40 MP: 3/3
  1698 | D:4      | Reached skill level 1 in Dodging
  1710 | D:4      | You fall into a shaft and drop 1 floor!
  1710 | D:5      | Entered Level 5 of the Dungeon
  1726 | D:5      | Noticed a scorpion
  1729 | D:5      | Killed a scorpion
  1730 | D:5      | Reached XP level 5. HP: 31/47 MP: 4/4
  1817 | D:5      | Noticed a water moccasin
  1831 | D:5      | Killed a water moccasin
  2129 | D:5      | Reached skill level 5 in Armour
  2129 | D:5      | Reached XP level 6. HP: 49/53 MP: 5/5
  2140 | D:5      | Found a white marble altar of Elyvilon.
  2220 | D:5      | Killed by an exploding howler monkey... ignited by their
                  | inner flame

Illustrated notes

Levels and vault maps discovered:
D:1:      ncdulo_lavacross, layout_basic
D:2:      layout_loops_ring
D:3:      layout_rooms
D:4:      layout_gridville, evilmike_ruin_ashenzari,
          minmay_a_box_with_orc_wizards_in_it
D:5:      layout_rooms, nicolae_elyvilon_temple_path

Skill      XL: |  1  2  3  4  5 |
---------------+----------------+-----
Armour         | 4 5 |  5.1
Shields        | 4 |  4.8
Fighting       | 4 |  4.6
Polearms       | 3 4 |  4.7
Dodging        | 1 2 |  2.3
Stealth        | |  0.2

Action                   |  1- 3 |  4- 6 || total
-------------------------+-------+-------++-------
Melee: Trident           |   111 |    77 ||   188
       Headbutt          |    11 |    11 ||    22
Evoke: Wand              |       |     1 ||     1
  Use: Scroll            |     9 |     7 ||    16
       Potion            |     3 |     3 ||     6
 Stab: Paralysed         |       |     1 ||     1
Armor: Scale mail        |    37 |    31 ||    68
Dodge: Dodged            |    51 |    34 ||    85
Block: Buckler           |    20 |    15 ||    35

Table legend: (Time is in decaauts)
 A = Elapsed time spent in this place.
 B = Non-inter-level travel time spent in this place.
 C = Inter-level travel time spent in this place.
 D = Time resting spent in this place.
 E = Time spent auto-exploring this place.
 F = Levels seen in this place.
 G = Mean time per level.
                   A        B        C        D        E       F      G
               +--------+--------+--------+--------+--------+-----+--------+
         Total |   2230 |   2197 |     33 |    254 |   1478 |   5 |  446.0 |
       Dungeon |   2230 |   2197 |     33 |    254 |   1478 |   5 |  446.0 |
               +--------+--------+--------+--------+--------+-----+--------+

Top non-repeatable levels by time:
     D:2: 657 daAuts
     D:1: 532 daAuts
     D:5: 515 daAuts
     D:3: 433 daAuts
     D:4: 91 daAuts
